 Dungeon Crawl Stone Soup version 0.31-a0-233-g139696dc86 (webtiles) character file.

Game seed: 10609126592919332591

7 Iniera the Charlatan (level 1, 8/12 HPs)
             Began as a Deep Elf Artificer on July 10, 2023.
             Quit the game on level 1 of the Dungeon.
             The game lasted 00:00:22 (142 turns).

Iniera the Charlatan (Deep Elf Artificer)            Turns: 142, Time: 00:00:23

Health: 8/12       AC:  3    Str:  9    XL:     1   Next: 83%
Magic:  3/3        EV:  9    Int: 15    God:
Gold:   0          SH:  0    Dex: 15    Spells: 0/0 levels left

rFire   . . .        a - +0 club
rCold   . . .        (no shield)
rNeg    . . .        b - +0 leather armour
rPois   .            (no helmet)
rElec   .            (no cloak)
rCorr   .            (no gloves)
SInv    .            (no boots)
Will    .....        (no amulet)
Stlth   ++           (no ring)
HPRegen 0.22/turn    (no ring)
MPRegen 0.08/turn

%: no passive effects
@: constricted
A: no striking features
a: no special abilities


You were on level 1 of the Dungeon.
You visited 1 branch of the dungeon, and saw 1 of its levels.

Inventory:

Hand Weapons
 a - a +0 club (weapon)
Armour
 b - a +0 leather armour (worn)
Wands
 c - a wand of flame (9) (quivered)
 d - a wand of charming (15)
 e - a wand of iceblast (5)


   Skills:
 + Level 1.0 Fighting
 - Level 0.7 Armour
 + Level 2.7 Dodging
 + Level 1.8 Stealth
 - Level 3.2 Evocations


You couldn't memorise any spells.
You didn't know any spells.
Your spell library was empty.

Dungeon Overview and Level Annotations

Branches:
Dungeon (1/15)

Altars:


Message History

A giant cockroach comes into view.
A giant cockroach is nearby!
A giant cockroach is nearby!
The giant cockroach barely misses you.
The puff of flame hits the giant cockroach!
You kill the giant cockroach!
No target in view!
No target in view!
You see here a giant cockroach corpse.
Found a flail.
A hobgoblin comes into view.
A hobgoblin is nearby!
The puff of flame hits the hobgoblin!
You kill the hobgoblin!
No target in view!
No target in view!
No target in view!
A ball python comes into view.
A ball python is nearby!
A goblin comes into view. It is wielding a +0 dagger.
The goblin shouts!
You completely miss the ball python.
The ball python bites you but does no damage.
The ball python barely misses you. The ball python bites you.
The ball python completely misses you.
You closely miss the ball python.
The ball python bites you but does no damage.
The ball python grabs you. The ball python constricts you.
The ball python bites you. The ball python constricts you.
You are too injured to fight recklessly!
You are too injured to fight recklessly!
You are too injured to fight recklessly!
You are too injured to fight recklessly!
There are monsters nearby!
There are monsters nearby!
You are too injured to fight recklessly!
You are too injured to fight recklessly!
You are too injured to fight recklessly!
You are too injured to fight recklessly!
Are you sure you want to abandon this character and quit the game? (Confirm with "yes".)

).............#
.#.############### ##.#
##.......## #.#
#.#.#.#.#.# #.#
##.........##
.#.#####.#.#.#.#.#.#
)..................# #
##.###..#.#.#.#.#.#..##
#.# #..........@.....#
#.# #.#.#.#.#.#S#.#..#
#.. ............. ...#
...##..#.#.#.#.#.# .##
... ..#......g. .. #
....###.#.#.#.# #..
#...... ..# #.# ..#


You could see a goblin and a ball python.

Vanquished Creatures
  A bat (D:1)
  A giant cockroach (D:1)
  A goblin (D:1)
  A hobgoblin (D:1)
  A kobold (D:1)
5 creatures vanquished.

Notes
Turn   | Place    | Note
-------+----------+-------------------------------------------
     0 | D:1      | Iniera the Deep Elf Artificer began the quest for the Orb.
     0 | D:1      | Reached XP level 1. HP: 11/11 MP: 3/3
    87 | D:1      | Reached skill level 1 in Fighting
   142 | D:1      | Quit the game

Illustrated notes

Levels and vault maps discovered:
D:1:      elethiomel_arrival_maze, layout_loops_corners, hex_medium,
          nrook_uturn, st_stairs_6

Skill      XL: |  1 |
---------------+----+-----
Fighting       | 1 |  1.0
Armour         | |  0.7
Dodging        | |  2.7
Stealth        | |  1.8
Evocations     | |  3.2

Action                     || total
---------------------------++-------
  Melee: Club              ||     2
  Evoke: Wand              ||     6
 Armour: Leather armour    ||     4
  Dodge: Dodged            ||     3

Table legend: (Time is in decaauts)
 A = Elapsed time spent in this place.
 B = Non-inter-level travel time spent in this place.
 C = Inter-level travel time spent in this place.
 D = Time resting spent in this place.
 E = Time spent auto-exploring this place.
 F = Levels seen in this place.
 G = Mean time per level.
                   A        B        C        D        E       F      G
               +--------+--------+--------+--------+--------+-----+--------+
         Total |    142 |    142 |      0 |      0 |    115 |   1 |  142.0 |
       Dungeon |    142 |    142 |      0 |      0 |    115 |   1 |  142.0 |
               +--------+--------+--------+--------+--------+-----+--------+

Top non-repeatable levels by time:
     D:1: 142 daAuts
